 Dungeon Crawl Stone Soup version 0.31.0-9-g3a7656b989 (webtiles) character file.

Game seed: 3721707360176496902

26742 Amplified the Spear-Bearer (level 13, -11/114 HPs)
             Began as a Tengu Reaver on Jan 29, 2024.
             Was a Believer of the Shining One.
             Mangled by an ogre
             ... wielding a +0 giant club
              (22 damage)
             ... on level 1 of the Orcish Mines on Jan 30, 2024.
             The game lasted 00:32:34 (14591 turns).

Amplified the Spear-Bearer (Tengu Reaver)          Turns: 14591, Time: 00:32:35

Health: -11/114    AC: 26    Str: 20    XL:     13   Next: 27%
Magic:  19/20      EV:  2    Int: 13    God:    the Shining One [**....]
Gold:   638        SH: 17    Dex: 23    Spells: 15/16 levels left

rFire   . . .        e - +2 short sword (venom)
rCold   . . .        E - +0 buckler
rNeg    + + +        N - melded +1 ring mail {rF+}
rPois   +            L - melded +2 hat
rElec   .            (cloak currently unavailable)
rCorr   .            u - melded +2 pair of gloves
SInv    .            (boots unavailable)
Will    .....        y - amulet of Gozag, Hungering {Acrobat -Cast rN++ Str+4}
Stlth   +            v - +6 ring of dexterity
HPRegen 0.39/turn    n - ring of positive energy
MPRegen 0.17/turn

%: no spellcasting, acrobat
@: divinely shielded, tree-form, hasted, glowing, very quick
A: stationary, stasis, torment immunity, boosted hp, (beak), (talons 3), evasive
flight, acrobatic, agile 1, frail 1, wild magic 1
a: Renounce Religion, Divine Shield


You were on level 1 of the Orcish Mines.
You worshipped the Shining One.
The Shining One was pleased with you.
You were a tree.
You visited 3 branches of the dungeon, and saw 16 of its levels.
You also visited: Ossuary.

You collected 820 gold pieces.
You spent 182 gold pieces at shops.

Inventory:

Hand Weapons
 e - a +2 short sword of venom (weapon)
 z - a +1 trident
Missiles
 o - 75 poisoned darts (quivered)
Armour
 u - a +2 pair of gloves (melded)
 E - a +0 buckler (worn)
 L - a +2 hat (melded)
 N - a +1 ring mail of fire resistance (melded)
Jewellery
 n - a ring of positive energy (right branch)
 v - a +6 ring of dexterity (left branch)
 y - the amulet of Gozag, Hungering (around neck) {Acrobat -Cast rN++ Str+4}
   (You found it on level 7 of the Dungeon)

   [amulet of the acrobat]

   Acrobat:   It increases your evasion while moving and waiting.
   Str+4:     It affects your strength (+4).
   rN++:      It greatly protects you from negative energy.
   -Cast:     It prevents spellcasting.
 C - an amulet of reflection
 H - a ring of poison resistance
 M - a ring of positive energy
 O - an amulet of regeneration
Wands
 D - a wand of digging (5)
 J - a wand of flame (20)
Scrolls
 f - a scroll of enchant weapon
 g - a scroll of silence
 m - 3 scrolls of fog
 q - 3 scrolls of teleportation
 s - 2 scrolls of noise
 B - a scroll of immolation
 G - a scroll of poison
Potions
 b - a potion of magic
 h - 4 potions of enlightenment
 j - 2 potions of brilliance
 k - 2 potions of might
 p - a potion of lignification
 w - 2 potions of attraction
 x - 7 potions of degeneration
 K - 2 potions of invisibility


   Skills:
 * Level 11.7 Fighting
 * Level 12.9 Polearms
 - Level 6.5 Armour
 - Level 2.1 Dodging
 * Level 9.7 Shields
 - Level 2.0 Spellcasting
 - Level 5.0 Conjurations
 * Level 9.1 Invocations


You had 15 spell levels left.
You knew the following spells:

 Your Spells              Type           Power      Damage    Failure   Level
a - Kiss of Death         Conj/Necr      40%        2d8       16%         1

Your spell library contained the following spells:

 Spells                   Type           Power      Damage    Failure   Level
 Momentum Strike          Conj/Tloc      20%        3d8       22%         2
 Freeze                   Ice            4%         1d3       36%         1
 Sandblast                Erth           2%         2d4       36%         1
 Hailstorm                Conj/Ice       10%        3d6       38%         3
 Stone Arrow              Conj/Erth      20%        3d8       38%         3
 Frozen Ramparts          Ice            2%         1d1       73%         3
 Passwall                 Erth           1%         N/A       73%         3
 Brom's Barrelling Bould  Conj/Erth      10%        2d3       78%         4
 Animate Armour           Summ/Erth      2%         N/A       98%         4
 Summon Lightning Spire   Summ/Air       1%         N/A       98%         4
 Lee's Rapid Deconstruct  Erth           0%         3d4*      100%        5


Dungeon Overview and Level Annotations

Branches:
Dungeon (14/15)            Temple (1/1) D:6            Lair (0/5) D:9
    Orc (1/2) D:10        Ossuary (visited)
 Vaults: D:13-14

Altars:
Ashenzari
Cheibriados
Dithmenos
Elyvilon
Fedhas
Gozag
Hepliaklqana
Kikubaaqudgha
Makhleb
Nemelex Xobeh
Okawaru
Qazlal
Ru
Sif Muna
Trog
Uskayaw
Vehumet
Wu Jian
Xom
Yredelemnul
Zin
The Shining One
Jiyva

Shops:
D:4 :   D:8 [   D:11 :

Annotations:
D:12 Upstairs only bad


Innate Abilities, Weirdness & Mutations

You are a tree.
Your roots penetrate the ground, keeping you stationary.
You cannot be teleported.
You are immune to unholy pain and torment.
Your maximum health is greatly increased.
Your equipment is partially melded.
((You have a beak for a mouth.))
((You have claws for feet.))
Your magical flight helps you evade attacks. (EV +4)
You can magically evade attacks while moving or waiting.
You are agile. (Dex +4, Str/Int -1)
You are frail. (-10% HP)
Your spells are a little harder to cast, but a little more powerful.


Message History

The orc priest invokes the aid of Beogh against you.
Beogh smites you! The warg bites you!!
* * * LOW HITPOINT WARNING * * *
The warg misses you. The orc warrior completely misses you.
Unknown command.
Aiming: Dig
Press: ? - help, Shift-Dir - straight line A rock wall.
This square is lit by a halo.
The rock shatters into small pieces.
You block the warg's attack. The orc warrior barely misses you.
Unknown command.
An ogre comes into view. It is wielding a +0 giant club.
Found 20 gold pieces.
The warg attacks as it pursues you! The warg barely misses you.
You block the warg's attack.
The ogre moves out of view.
You feel better. You block the warg's attack.
Unknown command.
Okay, then.
Something interferes with your magic!
Unknown command.
Okay, then.
Okay, then.
You turn into a tree.
Your +2 hat melds into your body.
Your +2 pair of gloves melds into your body.
Your +1 ring mail of fire resistance melds into your body.
You feel less resistant to fire.
Your roots penetrate the ground.
You block the warg's attack. The warg bites you!
* * * LOW HITPOINT WARNING * * *
The ogre hits you with a +0 giant club!
* * * LOW HITPOINT WARNING * * *
You feel better. The warg bites you!
* * * LOW HITPOINT WARNING * * *
Okay, then.
Okay, then.
You feel yourself speed up.
You kill the warg!
The ogre hits you with a +0 giant club!!
You die...

.....$.
.......
........
........
........
...#....
##O.......
##♣#.......
##.##$......
#.o.o..#..
##.#o.......
##$..#$......
#....#.......
##..#.#.......
##............
##.#.#.#...>..
.


You could see an ogre and an orc priest.

Vanquished Creatures
  An entropy weaver (shapeshifter) (D:13)
  Erica (D:9)
  3 boulder beetles
  6 two-headed ogres
  An arcanist (D:13)
  The ghost of Henri the Martial Artist, a novice OpSh of Dithmenos (D:8)
  3 ugly things
  2 cyclopes (D:11)
  3 manticores
  3 gargoyles
  2 kobold demonologists
  An unseen horror (D:12)
  6 trolls
  A hornet (D:10)
  A slime creature (D:8)
  3 wyverns
  Sigmund (D:6)
  2 vampires
  A shadow (D:10)
  2 basilisks
  3 wraiths
  24 yaks
  A warg (Orc:1)
  8 vampire mosquitoes
  3 acid dragons
  6 water moccasins
  2 black bears
  6 sky beasts
  5 orc warriors
  An ice beast (D:5)
  6 centaurs
  2 ogres
  A phantom (D:6)
  10 kobold brigands
  A weeping skull (Ossuary)
  2 gnoll sergeants
  2 bullfrogs
  5 scorpions
  6 water moccasin zombies (Ossuary)
  A wight (D:6)
  13 killer bees
  3 howler monkeys
  7 bombardier beetles
  3 jellies (D:8)
  3 hounds
  6 orc priests
  14 orc wizards
  A bullfrog simulacrum (Ossuary)
  A crocodile zombie (Ossuary)
  3 mummies
  13 gnolls
  9 adders
  A white imp (D:3)
  6 adder zombies (Ossuary)
  2 dart slugs (D:1)
  3 ribbon worms
  51 orcs
  7 endoplasms
  3 giant cockroaches
  9 gnoll zombies (Ossuary)
  6 goblins
  3 hobgoblins
  10 jackals
  24 kobolds
  2 quokkas (D:4)
  4 ball pythons
  A ball python zombie (D:3)
  3 bats
  8 frilled lizards
  2 jackal zombies
  2 kobold zombies (D:7)
  3 orc zombies (Ossuary)
  A quokka zombie (D:3)
  5 rats
371 creatures vanquished.

Vanquished Creatures (others)
  An orc zombie (Ossuary)
1 creature vanquished.

Grand Total: 372 creatures vanquished

Notes
Turn   | Place    | Note
-------+----------+-------------------------------------------
     0 | D:1      | Amplified the Tengu Reaver began the quest for the Orb.
     0 | D:1      | Reached XP level 1. HP: 12/12 MP: 4/4
   210 | D:1      | Reached XP level 2. HP: 17/17 MP: 6/6
   409 | D:1      | Reached skill level 1 in Armour
   425 | D:1      | Found a faded altar of an unknown god.
   938 | D:2      | Reached XP level 3. HP: 22/22 MP: 7/7
  1425 | D:2      | Reached XP level 4. HP: 27/27 MP: 8/8
  1597 | D:2      | Reached skill level 4 in Polearms
  1939 | D:3      | Identified the +2 falchion of Putrescence {speed, rC+}
  2318 | D:4      | Reached XP level 5. HP: 30/32 MP: 9/9
  2521 | D:4      | Noticed a walking frostbound tome
  2645 | D:4      | Found Demmay's Book Boutique.
  2886 | D:3      | Found a bloodstained altar of Trog.
  2902 | D:3      | Found a shimmering blue altar of Sif Muna.
  2906 | D:3      | Got Sif Muna's Secrets of Hoarfrost
  2935 | D:3      | Found a basalt altar of Yredelemnul.
  3089 | D:4      | Noticed a walking crystal tome
  3117 | D:4      | Reached skill level 5 in Conjurations
  3117 | D:4      | Reached XP level 6. HP: 31/38 MP: 10/10
  3775 | D:5      | Entered Level 5 of the Dungeon
  3782 | D:5      | Reached skill level 5 in Polearms
  3812 | D:5      | Gained mutation: Your magical flight helps you evade
                  | attacks. (EV +4) [Tengu growth]
  3812 | D:5      | Reached XP level 7. HP: 39/44 MP: 11/11
  3971 | D:5      | Found a white marble altar of Elyvilon.
  4156 | D:5      | Reached skill level 5 in Fighting
  4240 | D:5      | Reached skill level 6 in Polearms
  4244 | D:5      | Reached skill level 5 in Armour
  4244 | D:5      | Reached XP level 8. HP: 49/49 MP: 12/12
  5125 | D:6      | Noticed Sigmund
  5169 | D:6      | Found a staircase to the Ecumenical Temple.
  5177 | D:6      | Killed Sigmund
  5201 | D:6      | Reached skill level 7 in Polearms
  5263 | Temple   | Entered the Ecumenical Temple
  5287 | Temple   | Became a worshipper of the Shining One
  5462 | D:5      | Reached skill level 1 in Invocations
  5537 | D:6      | Reached XP level 9. HP: 48/56 MP: 13/13
  5631 | D:6      | Reached skill level 1 in Shields
  5996 | D:6      | Reached skill level 8 in Polearms
  6256 | D:7      | Reached * piety under the Shining One
  6367 | D:7      | Found a sand-covered staircase.
  6433 | Ossuary  | Entered an ossuary
  6601 | Ossuary  | Reached XP level 10. HP: 62/64 MP: 14/14
  6603 | Ossuary  | Reached ** piety under the Shining One
  6679 | Ossuary  | Reached *** piety under the Shining One
  6872 | D:7      | Reached skill level 9 in Polearms
  6913 | D:7      | Gained mutation: You are frail. (-10% HP) [potion of
                  | mutation]
  6913 | D:7      | Gained mutation: Your health recovers twice as slowly from
                  | being drained. [potion of mutation]
  6913 | D:7      | Gained mutation: You are partially covered in large bone
                  | plates. (SH +4) [potion of mutation]
  6914 | D:7      | Lost mutation: You are partially covered in large bone
                  | plates. (SH +4) [potion of mutation]
  6914 | D:7      | Lost mutation: Your health recovers twice as slowly from
                  | being drained. [potion of mutation]
  6914 | D:7      | Gained mutation: Your spells are a little harder to cast,
                  | but a little more powerful. [potion of mutation]
  6914 | D:7      | Gained mutation: You are agile. (Dex +4, Str/Int -1)
                  | [potion of mutation]
  7193 | D:7      | Reached skill level 5 in Shields
  7197 | D:7      | Identified the amulet of Gozag, Hungering {Acrobat -Cast
                  | rN++ Str+4}
  7307 | D:7      | Reached skill level 5 in Invocations
  8038 | D:8      | Found Ezierr's Antique Armour Emporium.
  8041 | D:8      | Found a runed translucent gate.
  8041 | D:8      | Found a runed translucent gate.
  8041 | D:8      | Found a runed translucent gate.
  8043 | D:8      | Bought a runed hat for 182 gold pieces
  8055 | D:8      | Noticed Henri's ghost (novice OpSh)
  8057 | D:8      | Found a viscous altar of Jiyva.
  8501 | D:9      | Reached skill level 10 in Polearms
  8513 | D:9      | Found a sacrificial altar of Ru.
  8514 | D:9      | Found a blossoming altar of Fedhas.
  8517 | D:9      | Noticed Erica
  8531 | D:8      | Reached XP level 11. HP: 62/62 MP: 16/16
  8585 | D:9      | Reached **** piety under the Shining One
  8603 | D:9      | Noticed a two-headed ogre
  8949 | D:9      | Found a staircase to the Lair.
  9108 | D:9      | Killed Erica
  9117 | D:9      | Identified the +5 flail of Valiance {spect, Int+2}
  9186 | D:9      | Found a glowing silver altar of Zin.
  9322 | D:9      | Killed a two-headed ogre
  9466 | D:10     | Entered Level 10 of the Dungeon
  9682 | D:10     | Found a staircase to the Orcish Mines.
  9682 | D:10     | You are sucked into a shaft and drop 3 floors!
  9723 | D:13     | a naga changed into an entropy weaver
  9723 | D:13     | Noticed an entropy weaver (shapeshifter)
  9730 | D:13     | Killed an entropy weaver
  9874 | D:13     | Found a hazy altar of Hepliaklqana.
  9931 | D:13     | Noticed a seven-headed hydra
  9935 | D:13     | Noticed a two-headed ogre
  9957 | D:13     | Reached skill level 11 in Polearms
 10142 | D:12     | Reached skill level 10 in Fighting
 10156 | D:11     | Noticed a manticore
 10160 | D:12     | Noticed a white ugly thing
 10171 | D:12     | Killed a white ugly thing
 10339 | D:12     | Noticed a two-headed ogre
 10408 | D:12     | Killed a two-headed ogre
 10409 | D:12     | Reached XP level 12. HP: 49/69 MP: 18/18
 10432 | D:12     | Noticed a boulder beetle
 10442 | D:12     | Killed a boulder beetle
 10900 | D:12     | Noticed a boulder beetle
 10917 | D:12     | Killed a boulder beetle
 11022 | D:11     | Noticed a two-headed ogre
 11443 | D:14     | Noticed a six-headed hydra
 11494 | D:13     | Identified the +0 chain mail of Sunlight {rC+ MP+9 Stlth+}
 11739 | D:13     | Noticed a two-headed ogre
 11748 | D:13     | Killed a two-headed ogre
 11762 | D:13     | Killed a two-headed ogre
 11776 | D:13     | Reached skill level 12 in Polearms
 12119 | D:13     | Found Toiggouggi's Antique Artefacts.
 12664 | D:11     | Noticed a two-headed ogre
 12685 | D:11     | Killed a two-headed ogre
 12825 | D:11     | Found Zaugam's Book Shop.
 12971 | D:11     | Reached XP level 13. HP: 62/75 MP: 12/20
 13774 | D:10     | Found a snail-covered altar of Cheibriados.
 14055 | D:10     | Found an opulent altar of Gozag.
 14365 | D:8      | Killed Henri's ghost
 14557 | Orc:1    | Entered Level 1 of the Orcish Mines
 14591 | Orc:1    | Mangled by an ogre

Illustrated notes

Levels and vault maps discovered:
D:1:      minmay_arrival_three_doors, layout_loops_corners,
          ebering_ecumenical_altar_hall, minmay_misc_feat_pillars
D:2:      layout_basic, minmay_lizard_pond
D:3:      layout_rooms, nzn_overflow_gifts_of_might_and_magic,
          nicolae_yredelemnul_corpse_copse, serial_forest,
          infiniplex_forest_lined_corner, infiniplex_forest_zigzag_1,
          infiniplex_forest_straight_3, infiniplex_forest_lined_room_3,
          infiniplex_forest_lined_room_2, infiniplex_forest_lined_3,
          infiniplex_forest_zigzag_1, infiniplex_forest_end_2
D:4:      layout_basic, serial_shops, nicolae_shop_mannequins,
          kennysheep_generic_room_11
D:5:      layout_layer_cave, kennysheep_mini_moat, minmay_splitting_lines
D:6:      minmay_spotlight, layout_cave_pools, minmay_temple_entry_ruins,
          uniq_sigmund
D:7:      layout_rooms, nicolae_ossuary_entry_giza
D:8:      layout_loops_ring, gammafunk_ghost_ooze, serial_shops, shop_fountains
D:9:      layout_rooms, gammafunk_temple_overflow_forgotten,
          minmay_lair_entry_grove, uniq_erica
D:10:     layout_roguey, nicolae_overflow_crystal_walls, slow_altar_1,
          orc_0_dummy
D:11:     nzn_winding_woodlands_stair_trap
          [nzn_winding_woodlands_5x15_longhouse,
          nzn_winding_woodlands_5x15_jagged, nzn_winding_woodlands_5x15_zeroes,
          nzn_winding_woodlands_15x15_killbox, nzn_winding_woodlands_5x15_cabin,
          nzn_winding_woodlands_5x15_default, nzn_winding_woodlands_5x15_eye],
          layout_basic, serial_shops, shop, corner_web_ring, uniq_urug
D:12:     layout_small_grid, kennysheep_dice
D:13:     layout_long_grid, nicolae_antique_artefacts,
          nicolae_hepliaklqana_hippocampus
D:14:     layout_cave_pools, grunt_vaults_entry_tiered, lemuel_blue_sif_altar
Temple:   nicolae_temple_figure_eight
Orc:1:    layout_caves, basic_altar, hangedman_feature_mirror, uniq_erolcha

Skill      XL: |  1  2  3  4  5  6  7  8  9 10 11 12 13 |
---------------+----------------------------------------+-----
Armour         | 1 2 3 5 6 |  6.5
Polearms       | 4 5 6 7 8 10 11 12 | 12.9
Fighting       | 3 4 5 6 7 8 10 11 | 11.7
Conjurations   | 5 |  5.0
Invocations    | 1 4 5 7 8 9 |  9.1
Shields        | 3 5 7 9 |  9.7
Dodging        | |  2.1
Spellcasting   | |  2.0

Action                     |  1- 3 |  4- 6 |  7- 9 | 10-12 | 13-15 || total
---------------------------+-------+-------+-------+-------+-------++-------
  Melee: Spear             |    41 |       |       |       |       ||    41
         Peck              |    12 |    31 |    61 |   224 |    48 ||   376
         Kick              |    13 |    56 |   139 |   371 |    68 ||   647
         Short sword       |    53 |   157 |   307 |   700 |   125 ||  1342
         Punch             |       |     2 |     3 |       |       ||     5
  Throw: Throwing net      |     2 |     2 |       |     1 |       ||     5
         Dart              |       |       |       |     4 |     1 ||     5
 Invoke: Divine Shield     |       |       |     1 |    17 |     7 ||    25
         Cleansing Flame   |       |       |       |     9 |       ||     9
  Evoke: Wand              |       |       |     7 |    42 |     1 ||    50
    Use: Scroll            |     8 |    11 |     5 |    11 |     2 ||    37
         Potion            |     2 |     2 |     3 |    11 |     5 ||    23
   Stab: Sleeping          |     1 |       |       |       |       ||     1
         Paralysed         |       |       |     4 |       |       ||     4
 Armour: Leather armour    |     2 |       |       |       |       ||     2
         Ring mail         |    32 |    85 |   134 |   318 |    45 ||   614
         Skin              |       |       |       |     3 |     4 ||     7
  Dodge: Dodged            |    42 |   104 |   179 |   405 |    77 ||   807
  Block: Other             |       |       |    13 |       |       ||    13
         Reflection        |       |       |     7 |       |       ||     7
         Buckler           |       |       |    58 |   337 |   100 ||   495
